 Dungeon Crawl Stone Soup version 0.30.0-5-g1a98f26d00 (webtiles) character file.

Game seed: 17428654193416454183

4203 hawla the Frost Mage (level 10, -9/70 HPs)
             Began as a Meteoran Fire Elementalist on May 10, 2023.
             Was an Initiate of Vehumet.
             Shot with a sling bullet by Joseph (18 damage)
             ... on level 7 of the Dungeon.
             The game lasted 00:13:39 (2174 turns).

hawla the Frost Mage (Meteoran Fire Elementalist)   Turns: 2174, Time: 00:13:40

Health: -9/70      AC:  8    Str: 10    XL:     10   Next: 83%
Magic:  11/29      EV: 13    Int: 22    God:    Vehumet [......]
Gold:   137        SH:  0    Dex: 14    Spells: 7/21 levels left

rFire   + . .        k - +4 dagger (venom)
rCold   + . .        (no shield)
rNeg    . . .        p - +1 steam dragon scales
rPois   +            f - +0 helmet
rElec   +            (no cloak)
rCorr   +            (no gloves)
SInv    .            g - +0 pair of boots
Will    +....        (no amulet)
Stlth   +            a - ring of magical power
HPRegen 0.31/turn    (no ring)
MPRegen 0.21/turn

%: no passive effects
@: resistant, glowing
A: sense surroundings 2, otherworldly, glowing, explore regen
a: Renounce Religion


You were on level 7 of the Dungeon.
You worshipped Vehumet.
Vehumet was noncommittal.
You visited 2 branches of the dungeon, and saw 8 of its levels.

You collected 137 gold pieces.

Inventory:

Hand Weapons
 k - a +4 dagger of venom (weapon)
Armour
 f - a +0 helmet (worn)
 g - a +0 pair of boots (worn)
 p - +1 steam dragon scales (worn)
Jewellery
 a - a ring of magical power (left hand)
Wands
 d - a wand of polymorph (5)
 i - a wand of flame (41) (quivered)
Scrolls
 b - a scroll of blinking
 c - 2 scrolls of teleportation
 q - 3 scrolls of fog
Potions
 e - a potion of degeneration {unknown}
 h - a potion of lignification {unknown}
 n - a potion of curing {unknown}
 o - a potion of attraction {unknown}


   Skills:
 - Level 0.6 Fighting
 - Level 7.5 Short Blades
 - Level 3.5 Dodging
 - Level 1.4 Stealth
 - Level 6.4 Spellcasting
 - Level 6.2 Conjurations
 - Level 7.0 Fire Magic
 + Level 13.0 Ice Magic
 - Level 3.0 Evocations


You had 7 spell levels left.
You knew the following spells:

 Your Spells              Type           Power      Damage    Failure   Level
a - Foxfire               Conj/Fire      100%       2x1d9     1%          1
b - Scorch                Fire           76%        2d8       1%          2
c - Flame Wave            Conj/Fire      36%        2d10      6%          4
d - Ozocubu's Refrigerat  Ice            29%        4d14      34%         7

Your spell library contained the following spells:

 Spells                   Type           Power      Damage    Failure   Level
 Ozocubu's Armour         Ice            59%        N/A       1%          3
 Inner Flame              Hex/Fire       22%        N/A       6%          3
 Volatile Blastmotes      Fire/Tloc      44%        2d13      6%          3
 Lesser Beckoning         Tloc           14%        N/A       13%         2
 Metabolic Englaciation   Hex/Ice        17%        N/A       17%         5
 Gell's Gravitas          Tloc           7%         N/A       26%         3
 Teleport Other           Tloc           7%         N/A       26%         3
 Petrify                  Tmut/Erth      7%         N/A       65%         4
 Statue Form              Tmut/Erth      4%         N/A       100%        6


Dungeon Overview and Level Annotations

Branches:
Dungeon (7/15) Zot: 2115   Temple (1/1) D:6 Zot: 513

Altars:
Ashenzari
Cheibriados
Dithmenos
Elyvilon
Fedhas
Gozag
Hepliaklqana
Kikubaaqudgha
Nemelex Xobeh
Okawaru
Ru
Sif Muna
Trog
Uskayaw
Vehumet
Wu Jian
Yredelemnul
Zin
The Shining One

Annotations:
D:7 Joseph


Innate Abilities, Weirdness & Mutations

You passively map the area around you.
You are easily found by Zot.
You glow in the dark.
You regain HP and MP as you explore.


Message History

The foxfire hits the two-headed ogre but does no damage.
The two-headed ogre is heavily wounded.
Casting: Flame Wave (dangerous; 6% risk of failure)
Confirm with . or Enter, or press ? or * to list all spells.
You conjure some foxfire!
Casting: Foxfire (safe; 1% risk of failure)
Confirm with . or Enter, or press ? or * to list all spells.
Flames lash the two-headed ogre.
The two-headed ogre is heavily wounded.
The two-headed ogre's fire resistance burns away.
The foxfire hits the two-headed ogre.
The two-headed ogre is heavily wounded.
The foxfire hits the two-headed ogre!
The two-headed ogre is burned terribly!
The two-headed ogre is severely wounded.
Casting: Scorch (safe; 1% risk of failure)
Confirm with . or Enter, or press ? or * to list all spells.
Flames lash the two-headed ogre.
The two-headed ogre is burned terribly!
The two-headed ogre is almost dead.
Casting: Scorch (safe; 1% risk of failure)
Confirm with . or Enter, or press ? or * to list all spells.
Flames lash the two-headed ogre.
The two-headed ogre is burned terribly!
You kill the two-headed ogre!
Vehumet accepts your kill.
Your Ice Magic skill increases to level 13!
Unknown command.
Joseph shouts!
Joseph shoots a sling bullet.
The sling bullet hits you! The sling bullet burns you.
The centaur shoots an arrow.
The arrow hits you.
Joseph says, "I've waited for this moment for such a long time."
Joseph shoots a sling bullet.
The sling bullet hits you!
* * * LOW HITPOINT WARNING * * *
The sling bullet burns you!
* * * LOW HITPOINT WARNING * * *
The centaur shoots an arrow.
The arrow hits you.
* * * LOW HITPOINT WARNING * * *
It was a potion of resistance.
You feel protected.
Joseph shoots a sling bullet.
The sling bullet hits you!!
You die...

......##.#......#
..#.............#
#......###.###..#
#.#....#§.c@⌠#..#
#..$...#†§...#..#
####.#.O.)⌠....## *
# #.#.....#.#######
...#⌠...⌠#.......#
#.#####s#####@###.#
..), *
...##.....#.# #.8,
, , ...#.....#.#
.!. ,, #........).#
.#. * ....#.....#.#
, * ...##.....#.#
#.# ###.###.# ,
,,,, ..,, .... ..#
*, #.##. ..#


You could see Joseph and a centaur.

Vanquished Creatures
  A two-headed ogre (D:7)
  A steam dragon (D:6)
  Edmund (D:6)
  2 water moccasins (D:5)
  Duvessa (D:7)
  2 ice beasts
  A black bear (D:5)
  An orc warrior (D:6)
  3 ogres
  A bullfrog (D:7)
  4 scorpions
  Dowan (D:7)
  3 howler monkeys (D:7)
  2 orc priests
  2 jellies
  Jessica (D:3)
  2 iguanas (D:5)
  3 sleepcaps
  2 orc wizards
  6 gnolls
  3 adders
  A worm (D:4)
  2 dart slugs
  11 orcs
  3 ball pythons
  2 bats
  6 endoplasms
  A giant cockroach (D:2)
  3 goblins
  4 hobgoblins
  A quokka (D:4)
  2 frilled lizards (D:2)
  A kobold (D:1)
  2 rats
82 creatures vanquished.

Vanquished Creatures (others)
  200 foxfires
200 creatures vanquished.

Grand Total: 282 creatures vanquished

Notes
Turn   | Place    | Note
-------+----------+-------------------------------------------
     0 | D:1      | hawla the Meteoran Fire Elementalist began the quest for
                  | the Orb.
     0 | D:1      | Reached XP level 1. HP: 14/14 MP: 5/5
    94 | D:1      | Reached XP level 2. HP: 20/20 MP: 1/6
   184 | D:2      | Reached XP level 3. HP: 26/26 MP: 1/8
   247 | D:2      | Learned a level 2 spell: Scorch
   431 | D:3      | Noticed Jessica
   434 | D:3      | Killed Jessica
   435 | D:3      | Reached XP level 4. HP: 30/33 MP: 5/10
   453 | D:3      | Learned a level 4 spell: Flame Wave
   554 | D:4      | Noticed an ogre
   559 | D:4      | Noticed an ogre
   560 | D:4      | Killed an ogre
   561 | D:4      | Reached XP level 5. HP: 38/38 MP: 3/11
   567 | D:4      | Killed an ogre
   568 | D:4      | Reached skill level 5 in Fire Magic
   568 | D:4      | Reached XP level 6. HP: 45/45 MP: 2/13
   672 | D:4      | Reached skill level 1 in Evocations
   758 | D:4      | Reached XP level 7. HP: 35/50 MP: 2/14
   769 | D:4      | Reached skill level 5 in Conjurations
  1005 | D:5      | Entered Level 5 of the Dungeon
  1033 | D:5      | Reached skill level 5 in Spellcasting
  1039 | D:5      | Reached XP level 8. HP: 58/58 MP: 3/16
  1482 | D:5      | Learned a level 7 spell: Ozocubu's Refrigeration
  1516 | D:6      | Reached skill level 1 in Ice Magic
  1517 | D:6      | Reached skill level 2 in Ice Magic
  1517 | D:6      | Gained mutation: You passively map the area around you.
                  | [Meteoran growth]
  1517 | D:6      | Reached XP level 9. HP: 55/63 MP: 8/19
  1527 | D:6      | Found a staircase to the Ecumenical Temple.
  1543 | Temple   | Entered the Ecumenical Temple
  1644 | D:6      | Reached skill level 3 in Ice Magic
  1687 | D:6      | Noticed Edmund
  1699 | D:6      | Killed Edmund
  1700 | D:6      | Reached skill level 4 in Ice Magic
  1703 | D:6      | Found a radiant altar of Vehumet.
  1710 | D:6      | Became a worshipper of Vehumet
  1738 | D:6      | Reached skill level 5 in Ice Magic
  1748 | D:6      | Found a sacrificial altar of Ru.
  1749 | D:6      | Found a hide-covered altar of Uskayaw.
  1752 | D:6      | Found a blossoming altar of Fedhas.
  1987 | D:7      | Reached skill level 12 in Ice Magic
  1987 | D:7      | Reached XP level 10. HP: 70/70 MP: 20/20
  2009 | D:7      | Found a shimmering blue altar of Sif Muna.
  2041 | D:7      | Noticed Duvessa
  2041 | D:7      | Noticed Dowan
  2049 | D:7      | Killed Duvessa
  2049 | D:7      | Killed Dowan
  2144 | D:7      | Noticed a two-headed ogre
  2150 | D:7      | Noticed Joseph
  2165 | D:7      | Killed a two-headed ogre
  2166 | D:7      | Reached skill level 13 in Ice Magic
  2174 | D:7      | Shot with a sling bullet by Joseph

Illustrated notes

Levels and vault maps discovered:
D:1:      nzn_arrival_depleted_hourglass, layout_basic,
          shapermc_ecumenical_altar_mp_vishouse
D:2:      layout_loops_corners, basic_altar, minmay_tiny_reverse_x
D:3:      layout_basic, gammafunk_ghost_gnarly_gnolls, uniq_terence,
          uniq_jessica
D:4:      layout_basic
D:5:      layout_cave_pools
D:6:      layout_basic, nicolae_qazlal_eye_of_the_storm, vehumet_crystals,
          minitemple, minmay_temple_entry_slanted, st_stairs_12, uniq_edmund
D:7:      layout_loops_corners, grunt_temple_overflow_champion_of_chaos,
          nicolae_sif_muna_condensation, minmay_chambers_of_fives, uniq_duvessa,
          uniq_joseph
Temple:   nicolae_temple_great_sept

Skill      XL: |  1  2  3  4  5  6  7  8  9 10 |
---------------+-------------------------------+-----
Fire Magic     | 4 5 7 |  7.0
Spellcasting   | 3 4 5 6 |  6.4
Conjurations   | 4 5 6 |  6.2
Evocations     | 2 3 |  3.0
Dodging        | 3 |  3.5
Ice Magic      | 2 12 13 | 13.0
Short Blades   | 7 |  7.5
Fighting       | |  0.6
Stealth        | |  1.4

Action                     |  1- 3 |  4- 6 |  7- 9 | 10-12 || total
---------------------------+-------+-------+-------+-------++-------
  Melee: Unarmed           |     6 |     2 |     2 |       ||    10
         Punch             |       |     1 |       |       ||     1
         Dagger            |       |       |     8 |     3 ||    11
   Cast: Foxfire           |    34 |    23 |    53 |     8 ||   118
         Scorch            |     2 |    10 |    24 |     8 ||    44
         Flame Wave        |       |     2 |     5 |     6 ||    13
  Evoke: Wand              |       |       |     2 |       ||     2
    Use: Scroll            |       |     3 |     6 |     1 ||    10
         Potion            |       |     1 |     1 |     1 ||     3
 Armour: Robe              |     6 |       |     7 |       ||    13
         Steam dragon scal |       |       |       |     4 ||     4
  Dodge: Dodged            |    11 |     9 |    11 |     9 ||    40
